[Event "Team 45 45 League T52"]
[Site "Internet Chess Club"]
[Date "2012.03.04"]
[Round "3"]
[White "houseofcook"]
[Black "eagle"]
[Result "1/2-1/2"]
[WhiteElo "1506"]
[BlackElo "1507"]
[Opening "Sicilian: Grand Prix attack"]
[ECO "B23"]
[Time "11:19:17"]
[TimeControl "2700+45"]

1. e4 c5 2. Nc3 Nc6 3. f4 d6 4. Bb5 Bd7 5. Nf3 e6 6. Bxc6 Bxc6 7. O-O Be7 8. d3
Nf6 9. e5 dxe5 10. Nxe5 Qc7 11. Nxc6 Qxc6 12. Qe2 O-O 13. Be3 b6 14. Rad1 Rfd8
15. a3 Nd5 16. Nxd5 exd5 17. d4 Bf6 18. c3 c4 19. Rf3 Re8 20. Rh3 Re4 21. Qh5 h6
22. Rg3 Kf8 23. Qh3 Rae8 24. Kf2 Qd6 25. Qg4 Qe6 26. Qxe6 R8xe6 27. Rf3 Ke7 28.
f5 Rd6 29. Bf4 Rd7 30. Re1 Rxe1 31. Kxe1 Kd8 32. Re3 Re7 33. Ke2 g6 34. fxg6
fxg6 35. Rxe7 Kxe7 36. Bb8 a6 37. Bf4 h5 38. h3 Ke6 39. Kf3 g5 40. Be3 Kf5 41.
g4+ hxg4+ 42. hxg4+ Kg6 43. Bd2 Be7 44. Bc1 b5 45. Ke2 Bd6 46. Kf3 a5 47. Bd2
Kf6 48. Bc1 b4 49. a4 bxc3 50. bxc3 Kg6 51. Bd2 Ba3 52. Kg3 Bd6+ {Game drawn by
mutual agreement} 1/2-1/2

[Event "Team 45 45 League T52"]
[Site "Internet Chess Club"]
[Date "2012.03.09"]
[Round "3"]
[White "alexping"]
[Black "Philly-Boy"]
[Result "1-0"]
[WhiteElo "1926"]
[BlackElo "1829"]
[Opening "Queen's Indian: 4.Nc3"]
[ECO "E12"]
[Time "19:12:55"]
[TimeControl "2700+45"]

1. d4 Nf6 2. c4 e6 3. Nf3 b6 4. Nc3 Ba6 5. e4 d5 6. cxd5 Bxf1 7. Kxf1 exd5 8. e5
Ng8 9. g3 c6 10. Kg2 Be7 11. Re1 h5 12. e6 f6 13. Nh4 g5 14. Qd3 Kf8 15. Ng6+
Kg7 16. Nxh8 Kxh8 17. Qg6 Na6 18. Qxh5+ Kg7 19. a3 c5 20. Be3 cxd4 21. Bxd4 Bc5
22. Qxg5+ Kh7 23. Qf5+ Kg7 24. Bxc5 bxc5 25. Nxd5 Nh6 26. Qf3 {Black resigns}
1-0

[Event "Team 45 45 League T52"]
[Site "Internet Chess Club"]
[Date "2012.03.06"]
[Round "3"]
[White "pishd"]
[Black "Troparion"]
[Result "1/2-1/2"]
[WhiteElo "1714"]
[BlackElo "1843"]
[Opening "Old Benoni defense"]
[ECO "A46"]
[Time "12:03:15"]
[TimeControl "2700+45"]

1. d4 Nf6 2. Nf3 c5 3. d5 b5 4. Bg5 Ne4 5. Bh4 h6 6. Qd3 Nd6 7. c3 c4 8. Qc2 Bb7
9. e4 g6 10. Bg3 Qb6 11. Be5 f6 12. Bd4 Qc7 13. e5 Nf5 14. g4 Bxd5 15. Bg2 Bxf3
16. Bxf3 Nxd4 17. Qxg6+ Kd8 18. cxd4 Nc6 19. Qe4 fxe5 20. d5 Nd4 21. Bg2 d6 22.
O-O Bg7 23. Na3 Bf6 24. Rac1 Qc5 25. Nc2 Rg8 26. Kh1 Bg5 27. Rcd1 Nxc2 28. Qxc2
Bf4 29. Qh7 Kd7 30. Qf7 Raf8 31. Qe6+ Kd8 32. Be4 Qc8 33. Bf5 Qxe6 34. Bxe6 Rh8
35. b3 h5 36. h3 hxg4 37. Bxg4 Rfg8 38. Kg2 c3 39. b4 c2 40. Rc1 Bxc1 41. Rxc1
Rh4 42. f3 e4 43. Rxc2 exf3+ 44. Kg3 Rhxg4+ 45. hxg4 Rf8 46. Rf2 Kd7 47. Rxf3
Rxf3+ 48. Kxf3 e5 49. Ke4 Ke7 50. Kf5 Kf7 51. Kg5 Kg7 52. Kf5 a6 53. Kg5 Kf7 54.
Kf5 Kg7 55. Kg5 Kf7 56. Kf5 Kg7 57. Kg5 Kf7 58. Kf5 Kg7 59. Kg5 {Game drawn by
repetition} 1/2-1/2

[Event "Team 45 45 League T52"]
[Site "Internet Chess Club"]
[Date "2012.03.04"]
[Round "3"]
[White "MontanaSky"]
[Black "timothysmall56"]
[Result "1-0"]
[WhiteElo "1749"]
[BlackElo "1557"]
[Opening "Sicilian: Sozin with ...a6 and ...b5"]
[ECO "B87"]
[Time "21:10:41"]
[TimeControl "2700+45"]

1. e4 c5 2. Nf3 d6 3. d4 cxd4 4. Nxd4 Nf6 5. Nc3 a6 6. Bc4 b5 7. Bb3 e6 8. O-O
b4 9. Na4 Nxe4 10. Re1 Bb7 11. Be3 Be7 12. Bxe6 fxe6 13. Nxe6 Qa5 14. Nb6 Nd7
15. Nxg7+ Kf7 16. Nxd7 Kxg7 17. Qg4+ Kf7 18. f3 Nf6 19. Nxf6 Bxf6 20. Qd7+ Kg6
21. Qxb7 Bxb2 22. Qe4+ Kf7 23. Qf4+ Kg6 24. Qxd6+ Bf6 25. Bd4 Qd8 26. Qxf6+ Qxf6
27. Bxf6 Kxf6 28. a3 bxa3 29. Rxa3 Rhc8 30. c3 Rc5 31. Kf2 a5 32. Re4 Rac8 33.
c4 Rb8 34. g4 Rb4 35. h4 a4 36. Kg3 h5 37. g5+ Kf5 38. Rf4+ Kg6 39. Rf6+ Kg7 40.
Re3 Rbxc4 41. Re7+ Kg8 42. Ra6 Rc6 43. Ra8+ Rc8 44. Rxc8+ Rxc8 45. Ra7 Rc4 46.
Ra5 Kg7 47. f4 Rc3+ 48. Kf2 a3 49. f5 Rc2+ 50. Ke3 a2 51. Ra7+ Kf8 52. f6 Rh2
53. g6 {Black resigns} 1-0

[Event "Team 45 45 League T52"]
[Site "Internet Chess Club"]
[Date "2012.03.02"]
[Round "3"]
[White "minke"]
[Black "viking99"]
[Result "1-0"]
[WhiteElo "1901"]
[BlackElo "1855"]
[Opening "French: Steinitz variation"]
[ECO "C11"]
[Time "23:01:04"]
[TimeControl "2700+45"]

1. e4 e6 2. d4 d5 3. Nc3 Nf6 4. e5 Nfd7 5. f4 c5 6. Nf3 Nc6 7. Ne2 cxd4 8. Nexd4
Qb6 9. c3 Be7 10. Bd3 h6 11. O-O Bc5 12. Bc2 a5 13. Kh1 O-O 14. Qd3 g6 15. Nxe6
Ncxe5 16. fxe5 Qxe6 17. Bxh6 Re8 18. Rae1 Kh7 19. Ng5+ Kxh6 20. Nxe6 Rxe6 21.
Rxf7 {Black resigns} 1-0

[Event "Team 45 45 League T52"]
[Site "Internet Chess Club"]
[Date "2012.03.03"]
[Round "3"]
[White "sounix"]
[Black "Tamarin"]
[Result "1-0"]
[WhiteElo "1864"]
[BlackElo "1894"]
[Opening "Caro-Kann: advance variation"]
[ECO "B12"]
[Time "01:00:16"]
[TimeControl "2700+45"]

1. e4 c6 2. d4 d5 3. e5 Bf5 4. g4 Bg6 5. h4 h5 6. e6 hxg4 7. Bd3 Bxd3 8. Qxd3
Nf6 9. Nc3 Qd6 10. exf7+ Kxf7 11. Bg5 Nbd7 12. O-O-O e6 13. Nge2 c5 14. Nf4 cxd4
15. Nb5 Qb6 16. Nxd4 e5 17. Ng6 Rg8 18. Nxf8 Kxf8 19. Nf5 Rc8 20. Kb1 Qe6 21.
Ng3 Kf7 22. h5 e4 23. Qe3 a6 24. c3 Nc5 25. Bxf6 gxf6 26. h6 Nd3 27. Rh5 Rg5 28.
Rxg5 fxg5 29. Qxg5 Rg8 30. Qh5+ Kf6 31. h7 Rh8 32. Rf1 Qf7 33. Qxg4 Rxh7 34. f3
Ke7 35. fxe4 Qe6 36. Qf3 dxe4 37. Nxe4 Ne5 38. Qf8+ {Black resigns} 1-0

[Event "Team 45 45 League T52"]
[Site "Internet Chess Club"]
[Date "2012.03.01"]
[Round "3"]
[White "Schack"]
[Black "Innes"]
[Result "1-0"]
[WhiteElo "1653"]
[BlackElo "1725"]
[Opening "Ruy Lopez: Schliemann defense, Berger variation"]
[ECO "C63"]
[Time "16:00:11"]
[TimeControl "2700+45"]

1. e4 e5 2. Nf3 Nc6 3. Bb5 f5 4. Nc3 fxe4 5. Nxe4 Nf6 6. Nxf6+ Qxf6 7. Qe2 d6 8.
d4 Bd7 9. dxe5 dxe5 10. Bg5 Qf5 11. Bd3 Qe6 12. O-O h6 13. Nd4 Nxd4 14. Qh5+ Qf7
15. Bg6 Bd6 16. Bxf7+ Kf8 17. Bd5 Be6 18. Bxe6 Nxe6 19. Be3 Ke7 20. Rad1 Rhf8
21. Rd2 Rf6 22. Rfd1 Raf8 23. Qh4 g5 24. Qc4 h5 25. Rxd6 cxd6 26. Qd5 Nf4 27.
Qxb7+ Ke6 28. Bxf4 gxf4 29. Qd5+ Kf5 30. f3 Kg6 31. Qc6 Rd8 32. Qc7 Rdf8 33.
Rxd6 e4 34. fxe4 Rxd6 35. Qxd6+ Kg7 36. Kf2 {Black resigns} 1-0

[Event "Team 45 45 League T52"]
[Site "Internet Chess Club"]
[Date "2012.03.05"]
[Round "3"]
[White "WillC"]
[Black "clarinetref"]
[Result "0-1"]
[WhiteElo "1777"]
[BlackElo "1656"]
[Opening "Réti opening"]
[ECO "A05"]
[Time "19:00:17"]
[TimeControl "2700+45"]

1. Nf3 Nf6 2. b3 d6 3. d4 c5 4. e3 Qb6 5. Bd3 Nc6 6. Bb2 Nb4 7. Be2 Bf5 8. Na3
e6 9. dxc5 Qxc5 10. c4 Be7 11. O-O O-O 12. Bd4 Qa5 13. Bb2 Rad8 14. Nd4 Be4 15.
Nab5 a6 16. Nc3 Bc6 17. a3 Qg5 18. g3 e5 19. axb4 exd4 20. Qxd4 d5 21. c5 Bd7
22. Bf3 Bf5 23. b5 Qg6 24. bxa6 bxa6 25. b4 Ne4 26. Na4 Bf6 27. Qd1 Ng5 28. Bg2
Bd3 29. Bxf6 gxf6 30. Re1 Be4 31. Nc3 Qf5 32. Nxe4 dxe4 33. Qe2 Nf3+ 34. Bxf3
exf3 35. Qxa6 Rd3 36. Kh1 Qh3 37. Rg1 Rd2 38. Qf1 Qg4 39. Rb1 Re2 40. h3 Qc4 41.
g4 Ra8 42. Rg3 Qe4 43. b5 Raa2 44. Kg1 Rxf2 45. b6 Rxf1+ 46. Rxf1 Qxe3+ 47. Kh1
Qe2 {White resigns} 0-1

[Event "Team 45 45 League T52"]
[Site "Internet Chess Club"]
[Date "2012.03.02"]
[Round "3"]
[White "AntMantis"]
[Black "charles-allen"]
[Result "1-0"]
[WhiteElo "2088"]
[BlackElo "1887"]
[Opening "QGD: Cambridge Springs defense, Rubinstein variation"]
[ECO "D52"]
[Time "20:19:47"]
[TimeControl "2700+45"]

1. d4 d5 2. c4 c6 3. Nc3 Nf6 4. Nf3 e6 5. Bg5 Nbd7 6. e3 Qa5 7. Nd2 dxc4 8. Bxf6
Nxf6 9. Bxc4 Bd6 10. f4 Nd5 11. Nde4 Nxc3 12. Nxd6+ Kd7 13. Qd2 Kxd6 14. bxc3
Bd7 15. O-O Rae8 16. e4 Kc7 17. e5 f6 18. Rf3 c5 19. d5 exd5 20. Qxd5 fxe5 21.
fxe5 Qb6 22. Rf7 Qc6 23. e6 Rxe6 24. Qxe6 {Black resigns} 1-0

[Event "Team 45 45 League T52"]
[Site "Internet Chess Club"]
[Date "2012.03.03"]
[Round "3"]
[White "Inquisiteur"]
[Black "bshribharath"]
[Result "0-1"]
[WhiteElo "1713"]
[BlackElo "1876"]
[Opening "Grünfeld: Russian, Szabo (Boleslavsky) variation"]
[ECO "D97"]
[Time "10:08:38"]
[TimeControl "2700+45"]

1. c4 Nf6 2. Nc3 d5 3. d4 g6 4. Nf3 Bg7 5. Qb3 dxc4 6. Qxc4 O-O 7. e4 c6 8. Be3
Qa5 9. b4 Qd8 10. Rd1 Nbd7 11. Be2 Nb6 12. Qd3 Be6 13. O-O Bc4 14. Qd2 a5 15.
bxa5 Rxa5 16. Rb1 Bxe2 17. Qxe2 Nfd7 18. Rfc1 Ra6 19. Rb3 Qa8 20. Rcb1 Rc8 21.
Ne5 Nxe5 22. dxe5 Na4 23. Nxa4 Rxa4 24. Rxb7 Rxa2 25. Qc4 Qxb7 26. Rxb7 Ra1+ 27.
Bc1 Bh6 28. h3 Rxc1+ 29. Qxc1 Bxc1 30. Rxe7 c5 31. e6 fxe6 32. Rxe6 c4 33. Kf1
c3 34. Ke2 c2 {White resigns} 0-1

[Event "Team 45 45 League T52"]
[Site "Internet Chess Club"]
[Date "2012.03.01"]
[Round "3"]
[White "toukon"]
[Black "ChessicalZ"]
[Result "1-0"]
[WhiteElo "1720"]
[BlackElo "1845"]
[Opening "Budapest: Rubinstein variation"]
[ECO "A52"]
[Time "12:00:04"]
[TimeControl "2700+45"]

1. d4 Nf6 2. c4 e5 3. dxe5 Ng4 4. Bf4 Bb4+ 5. Nd2 Nc6 6. Nf3 Qe7 7. e3 Ngxe5 8.
Nxe5 Nxe5 9. Be2 d6 10. O-O Bf5 11. Nb3 a5 12. a3 Bc5 13. Nxc5 dxc5 14. Qd5 f6
15. Rfd1 c6 16. Qd2 O-O 17. Qc3 b6 18. Rd2 Rad8 19. Rad1 Rxd2 20. Qxd2 Nf7 21.
Bd6 Nxd6 22. Qxd6 Qe8 23. Bf3 Be4 24. Be2 Qe5 25. Qxe5 fxe5 26. Rd6 Rf6 27. Rd1
Bf5 28. g3 Rf7 29. f4 exf4 30. exf4 Rd7 31. Rxd7 Bxd7 32. Kg2 b5 33. Kf3 Kf7 34.
Ke4 b4 35. a4 Kf6 36. g4 h5 37. h3 hxg4 38. hxg4 g6 39. g5+ Ke7 40. Ke5 Bf5 41.
Bd1 Bd3 42. b3 Bb1 43. Bf3 Bc2 44. Be4 Bxe4 45. Kxe4 Ke6 46. f5+ gxf5+ 47. Kf4
{Black resigns} 1-0

[Event "Team 45 45 League T52"]
[Site "Internet Chess Club"]
[Date "2012.03.04"]
[Round "3"]
[White "BraafPaard"]
[Black "Sirian"]
[Result "0-1"]
[WhiteElo "1535"]
[BlackElo "1569"]
[Opening "QGD: Marshall defense"]
[ECO "A50"]
[Time "19:07:52"]
[TimeControl "2700+45"]

1. d4 Nf6 2. c4 d5 3. cxd5 Qxd5 4. Nc3 Qa5 5. Bd2 e6 6. Nf3 Bb4 7. e3 Bd7 8. a3
Be7 9. Qb3 Bc6 10. Bb5 Qb6 11. Bxc6+ Qxc6 12. O-O O-O 13. Ne5 Qa6 14. Qb5 c6 15.
Qxa6 Nxa6 16. b4 Nc7 17. Na4 Na6 18. Rfc1 Rac8 19. Nc5 Nxc5 20. bxc5 Rfd8 21.
Ba5 Re8 22. a4 Bd8 23. Bxd8 Rexd8 24. Rab1 Rb8 25. a5 Nd7 26. Nc4 a6 27. Rb2 Nf6
28. Nd6 Nd5 29. Rb3 Nc7 30. Nxb7 Rd7 31. Rcb1 Nb5 32. Nd6 Kf8 33. Nxb5 cxb5 34.
Rd1 Rc8 35. Rc3 Rc6 36. e4 Rdc7 37. f4 f6 38. e5 f5 39. Kf2 h6 40. Rh3 Rd7 41.
Ke3 Rxc5 42. Rd3 Rc2 43. Rd2 Rxd2 44. Kxd2 Rxd4+ {White resigns} 0-1

[Event "Team 45 45 League T52"]
[Site "Internet Chess Club"]
[Date "2012.03.04"]
[Round "3"]
[White "JustinSane"]
[Black "BigH"]
[Result "1/2-1/2"]
[WhiteElo "2126"]
[BlackElo "2156"]
[Opening "Queen's pawn, Mason variation"]
[ECO "D00"]
[Time "14:56:30"]
[TimeControl "2700+45"]

1. d4 d5 2. Bf4 Nf6 3. e3 c5 4. c3 Nc6 5. Nd2 Bf5 6. Be2 Qb6 7. Qb3 c4 8. Qxb6
axb6 9. a3 b5 10. Rc1 e6 11. h3 h6 12. Ngf3 g5 13. Bg3 Be7 14. Bd1 Bd3 15. Bc2
Ne4 16. Bh2 Bxc2 17. Rxc2 f5 18. Ne5 b4 19. Nxe4 fxe4 20. Nxc6 bxc6 21. cxb4
Bxb4+ 22. Ke2 Be7 23. Rb1 O-O 24. b3 cxb3 25. Rxb3 Rxa3 26. Rxa3 Bxa3 27. Rxc6
Kf7 28. Rc7+ Kg6 29. Be5 Rf7 30. Rc6 Re7 31. Rc8 Bb4 32. g4 Ra7 33. Kf1 Rb7 34.
Kg2 Ba3 35. Rg8+ Kh7 36. Re8 Re7 37. Ra8 Bb4 38. h4 gxh4 39. Bf6 Rf7 40. Bxh4
Rg7 41. Kh3 Rf7 42. Re8 Be1 43. Kg2 Rg7 44. Rxe6 Rxg4+ 45. Bg3 Rg6 46. Re8 Rg8
47. Re7+ Rg7 48. Re8 {Game drawn by mutual agreement} 1/2-1/2

[Event "Team 45 45 League T52"]
[Site "Internet Chess Club"]
[Date "2012.03.03"]
[Round "3"]
[White "zap2"]
[Black "fileman"]
[Result "0-1"]
[WhiteElo "1761"]
[BlackElo "1877"]
[Opening "Réti opening"]
[ECO "A04"]
[Time "15:21:38"]
[TimeControl "2700+45"]

1. Nf3 Nc6 2. g3 e5 3. d3 d5 4. Bg2 f5 5. Nbd2 Nf6 6. c4 e4 7. Ng1 dxc4 8. dxe4
Bb4 9. Qc2 Nd4 10. Qxc4 Be6 11. Qd3 fxe4 12. Bxe4 Nxe4 13. Qxe4 Qd5 14. Qxd5
Bxd5 15. f3 Nc2+ 16. Kd1 Nxa1 17. b3 O-O-O 18. Nh3 Nxb3 19. axb3 Bxb3+ 20. Ke1
h6 21. Nf4 Rhe8 22. e4 g5 23. Nh5 Bc3 24. Ng7 Re7 25. Nf5 Red7 26. Ne7+ Rxe7 27.
Ke2 Bxd2 28. Bxd2 Red7 29. Ba5 Rd1 30. Rxd1 Rxd1 31. Kf2 c5 32. f4 gxf4 33. gxf4
Rc1 34. Bd2 Rc2 35. Ke3 Rxd2 36. Kxd2 b5 37. Kc3 Bf7 38. f5 Kd7 39. e5 a5 40. h4
h5 41. Kb2 a4 42. Ka3 Kc6 43. Kb2 Kd5 44. e6 Bxe6 45. fxe6 Kxe6 46. Kc3 Kd5 47.
Kb2 b4 48. Kc2 c4 49. Kb2 c3+ 50. Kb1 Kd4 51. Kc2 b3+ 52. Kc1 a3 53. Kb1 Ke4 54.
Kc1 Kf4 55. Kb1 Kg4 56. Ka1 Kxh4 57. Kb1 Kg3 58. Kc1 Kf3 59. Kb1 Ke2 60. Kc1 h4
61. Kb1 Kd2 62. Ka1 h3 63. Kb1 h2 {White resigns} 0-1

[Event "Team 45 45 League T52"]
[Site "Internet Chess Club"]
[Date "2012.03.05"]
[Round "3"]
[White "hcube"]
[Black "jantonio"]
[Result "1/2-1/2"]
[WhiteElo "1678"]
[BlackElo "1714"]
[Opening "Pirc: classical, h3 system"]
[ECO "B07"]
[Time "20:00:18"]
[TimeControl "2700+45"]

1. e4 d6 2. d4 Nf6 3. Nc3 g6 4. h3 Bg7 5. Nf3 O-O 6. Bc4 c5 7. d5 Qa5 8. O-O Qb4
9. Qe2 a6 10. a4 Nbd7 11. a5 b5 12. axb6 Nxb6 13. Bb3 Bd7 14. Bd2 Bb5 15. Nxb5
Qxb5 16. Rfe1 Qxe2 17. Rxe2 {Game drawn by mutual agreement} 1/2-1/2

[Event "Team 45 45 League T52"]
[Site "Internet Chess Club"]
[Date "2012.02.29"]
[Round "3"]
[White "gandre"]
[Black "fireball"]
[Result "1-0"]
[WhiteElo "1634"]
[BlackElo "1664"]
[Opening "Queen's pawn: London system"]
[ECO "A45"]
[Time "17:01:50"]
[TimeControl "2700+45"]

1. d4 Nf6 2. Bf4 d6 3. Nf3 c5 4. c3 Qb6 5. Qc2 g6 6. e3 Bf5 7. Qb3 Qxb3 8. axb3
a6 9. Nbd2 cxd4 10. exd4 Nbd7 11. Be2 Bg7 12. h3 Nd5 13. Bh2 O-O 14. O-O Rfe8
15. g4 Be6 16. Ng5 Nc7 17. Nxe6 Nxe6 18. f4 Nc7 19. Bf3 Rab8 20. Nc4 b5 21. Na5
e5 22. Bc6 Re7 23. Bxd7 Rxd7 24. fxe5 dxe5 25. Nc6 Rb6 26. Nxe5 Bxe5 27. Bxe5
Nd5 28. Rfe1 f6 29. Bg3 Kf7 30. Re2 Re7 31. Rxe7+ Kxe7 32. Kf2 Re6 33. Re1 Rxe1
34. Kxe1 Ke6 35. Kd2 f5 36. Be5 g5 37. c4 Nb4 38. gxf5+ Kxf5 39. Bd6 Nc6 40. Ke3
Na5 41. c5 Nxb3 42. d5 Na5 43. Kd4 Nb3+ 44. Kc3 Na5 45. c6 Nc4 46. Bc5 Ne5 47.
c7 b4+ 48. Bxb4 {Black resigns} 1-0

[Event "Team 45 45 League T52"]
[Site "Internet Chess Club"]
[Date "2012.03.04"]
[Round "3"]
[White "jjmolina"]
[Black "lasker25"]
[Result "1/2-1/2"]
[WhiteElo "1855"]
[BlackElo "1921"]
[Opening "Sicilian: accelerated fianchetto, modern variation"]
[ECO "B34"]
[Time "11:00:30"]
[TimeControl "2700+45"]

1. e4 c5 2. Nf3 Nc6 3. d4 cxd4 4. Nxd4 g6 5. Nc3 Bg7 6. Be3 Nf6 7. f3 O-O 8. Bc4
Qb6 9. Bb3 Nxe4 10. fxe4 Bxd4 11. Bxd4 Qxd4 12. Qxd4 Nxd4 13. Nd5 Nc6 14. Ba4
Kg7 15. O-O-O e6 16. Nc7 Rb8 17. Rhe1 a6 18. c4 Ne5 19. b3 Kf6 20. Rd6 Ke7 21.
Red1 Kd8 22. Rxe6 fxe6 23. Nxe6+ Ke7 24. Nxf8 Kxf8 25. Rd5 Nc6 26. Bxc6 bxc6 27.
Rd4 Ke7 28. c5 a5 29. Kc2 Rb5 30. Rc4 d6 31. cxd6+ Kxd6 32. Rd4+ Ke7 33. Rc4 Bd7
34. Kd3 Rh5 35. h3 Rg5 36. Rc2 Kd6 37. Ke3 Be6 38. Rd2+ Kc5 39. Kf4 h6 40. g4
Kb6 41. e5 Kc7 42. Rd6 Bc8 43. Rd3 Be6 44. Rd6 Bc8 45. Rd3 Be6 46. Rd6 {Game
drawn by repetition} 1/2-1/2

[Event "Team 45 45 League T52"]
[Site "Internet Chess Club"]
[Date "2012.03.04"]
[Round "3"]
[White "vaknight"]
[Black "IceBox"]
[Result "0-1"]
[WhiteElo "1745"]
[BlackElo "1859"]
[Opening "Bird's opening"]
[ECO "A03"]
[Time "10:00:28"]
[TimeControl "2700+45"]

1. f4 d5 2. b3 Nf6 3. Bb2 c6 4. Nf3 h5 5. e3 Bg4 6. Be2 Nbd7 7. O-O Bxf3 8. Bxf3
Qc7 9. Na3 e5 10. c4 dxc4 11. Nxc4 exf4 12. exf4 O-O-O 13. Qc2 Bd6 14. Ne5 Bxe5
15. fxe5 Nxe5 16. Qf5+ Ned7 17. Bc3 Qd6 18. Kh1 Ng4 19. g3 Ne5 20. Bg2 h4 21.
Rae1 f6 22. Re3 hxg3 23. Rxg3 g6 24. Qe4 g5 25. Qf5 Ng6 26. Kg1 Nf4 27. Rff3
Ne2+ 28. Kf2 Nxg3 29. hxg3 Qc5+ 30. Qxc5 Nxc5 31. Rxf6 Rhf8 32. Ke2 Rxf6 33.
Bh3+ Kc7 34. Bxf6 Re8+ 35. Kf3 Rf8 {White resigns} 0-1

[Event "Team 45 45 League T52"]
[Site "Internet Chess Club"]
[Date "2012.03.04"]
[Round "3"]
[White "sombragris35"]
[Black "Muravey"]
[Result "0-1"]
[WhiteElo "1716"]
[BlackElo "1798"]
[Opening "Scandinavian: Marshall variation"]
[ECO "B01"]
[Time "10:00:22"]
[TimeControl "2700+45"]

1. e4 d5 2. exd5 Nf6 3. d4 Nxd5 4. c4 Nb6 5. Nf3 g6 6. h3 Bg7 7. Nc3 Nc6 8. Be3
e5 9. d5 Ne7 10. Qd2 O-O 11. Bh6 Bxh6 12. Qxh6 Nf5 13. Qd2 e4 14. Nxe4 Re8 15.
Qc2 Nd6 16. Bd3 f5 17. Nd2 fxe4 18. Bxe4 Nxe4 19. Nxe4 Bf5 20. f3 Bxe4 21. fxe4
Qh4+ 22. Kd2 Rxe4 23. g4 Qf2+ {White resigns} 0-1

[Event "Team 45 45 League T52"]
[Site "Internet Chess Club"]
[Date "2012.03.02"]
[Round "3"]
[White "rayonline53"]
[Black "Heian"]
[Result "1-0"]
[WhiteElo "1628"]
[BlackElo "1817"]
[Opening "KGD: classical variation"]
[ECO "C30"]
[Time "18:00:36"]
[TimeControl "2700+45"]

1. e4 e5 2. f4 Bc5 3. Nf3 d6 4. Bc4 Nc6 5. c3 Bg4 6. h3 Bxf3 7. Qxf3 exf4 8.
Qxf4 Ne5 9. Be2 Ng6 10. Qg3 Qh4 11. Qxh4 Nxh4 12. g3 Ng6 13. d4 Bb6 14. Be3 Nf6
15. Nd2 h6 16. Bf3 O-O 17. O-O Rae8 18. Rae1 c6 19. Bf2 Re7 20. Re2 Rfe8 21.
Rfe1 Nf8 22. Nf1 N8h7 23. h4 g5 24. g4 Kg7 25. h5 Nf8 26. Ng3 Kh7 27. Nf5 Rd7
28. Kg2 Ne6 29. Bg3 Bc7 30. Kf2 Ng7 31. b4 Nxf5 32. exf5 Rxe2+ 33. Rxe2 Kg7 34.
Ke1 Kf8 35. Kd2 Ne8 36. Kc2 d5 37. Bxc7 Rxc7 38. Re5 Re7 39. Rxe7 Kxe7 40. Be2
Nd6 41. a4 Ne4 42. Bf3 Nf6 43. Kd3 Kd6 44. a5 b6 45. axb6 axb6 46. c4 Ne8 47.
c5+ bxc5 48. bxc5+ Kc7 49. Bg2 Kb7 50. Bf3 Ka6 51. Bg2 Ka5 52. Bf3 Kb4 53. Bg2
Nf6 54. Bf3 Kb3 55. Kd2 Ne8 56. Kd3 Nc7 57. Bd1+ Kb4 58. Be2 f6 59. Ke3 Kc3 60.
Bd3 Kb4 61. Be2 Nb5 62. Kd3 Nc3 63. Bf3 Na4 64. Be2 Nb2+ 65. Kc2 Nc4 66. Kd3 Na5
67. Bd1 Nb3 68. Bf3 Nc1+ 69. Kc2 Na2 70. Bxd5 cxd5 71. c6 Kc4 72. c7 Nb4+ 73.
Kd2 Kxd4 74. c8=Q Nd3 75. Qc3+ Ke4 76. Qxd3+ Kf4 77. Qe2 {Black resigns} 1-0

[Event "Team 45 45 League T52"]
[Site "Internet Chess Club"]
[Date "2012.03.03"]
[Round "3"]
[White "rook9999"]
[Black "superbeast"]
[Result "0-1"]
[WhiteElo "1903"]
[BlackElo "2005"]
[Opening "Sicilian: Pelikan, Chelyabinsk variation"]
[ECO "B33"]
[Time "19:00:30"]
[TimeControl "2700+45"]

1. e4 c5 2. Nf3 Nc6 3. d4 cxd4 4. Nxd4 Nf6 5. Nc3 e5 6. Ndb5 d6 7. Bg5 a6 8. Na3
b5 9. Nd5 Be7 10. Nxe7 Nxe7 11. Bxf6 gxf6 12. c3 Bb7 13. f3 f5 14. exf5 Nxf5 15.
Qd2 Qh4+ 16. Qf2 Qg5 17. Qd2 Qxd2+ 18. Kxd2 Rg8 19. Rg1 Ke7 20. Bd3 Nh4 21. Bxh7
Rxg2+ 22. Rxg2 Nxg2 23. Be4 d5 24. Bd3 Rh8 25. Rh1 Rh3 26. Be2 Nf4 27. Nc2 Nxe2
28. Kxe2 d4 29. Rf1 Rxh2+ 30. Rf2 d3+ {White resigns} 0-1

[Event "Team 45 45 League T52"]
[Site "Internet Chess Club"]
[Date "2012.03.03"]
[Round "3"]
[White "Tobiasdelmonte"]
[Black "mmf00"]
[Result "0-1"]
[WhiteElo "1827"]
[BlackElo "1894"]
[Opening "English: Neo-Catalan accepted"]
[ECO "A13"]
[Time "11:00:09"]
[TimeControl "2700+45"]

1. c4 e6 2. g3 Nf6 3. Bg2 d5 4. Nf3 dxc4 5. O-O Be7 6. Qa4+ Nbd7 7. Qxc4 Rb8 8.
d4 b5 9. Qc2 Bb7 10. Bf4 Rc8 11. Nc3 a6 12. Rfd1 O-O 13. Rac1 Qe8 14. a3 c5 15.
Qd2 cxd4 16. Qxd4 Bc5 17. Qd2 e5 18. Be3 Bxe3 19. Qxe3 h6 20. b4 Qe6 21. Ng5
hxg5 22. Bxb7 Rc7 23. Bg2 Rfc8 24. Qxg5 Rxc3 25. Rxc3 Rxc3 26. Qd2 Rxa3 27. Qc1
Ra2 28. Qc8+ Nf8 29. Qb8 Qb3 30. Qd6 Rxe2 31. Bf1 Rxf2 32. Rd3 Qc2 33. Re3 Ng4
34. Re1 Rxf1+ {White resigns} 0-1

[Event "Team 45 45 League T52"]
[Site "Internet Chess Club"]
[Date "2012.03.03"]
[Round "3"]
[White "zigzag2002"]
[Black "quotha"]
[Result "1-0"]
[WhiteElo "1799"]
[BlackElo "1635"]
[Opening "Sicilian defense"]
[ECO "B41"]
[Time "09:00:15"]
[TimeControl "2700+45"]

1. e4 e6 2. d4 c5 3. Nf3 cxd4 4. Nxd4 Bc5 5. Nb3 Be7 6. Nc3 Nc6 7. Be3 Nf6 8.
Bd3 d5 9. O-O d4 10. Nxd4 Nxd4 11. Bxd4 O-O 12. e5 Nd5 13. f4 Qa5 14. Ne4 b5 15.
Qg4 f5 16. exf6 Bxf6 17. Bc5 e5 18. Qh5 Rd8 19. fxe5 {Black resigns} 1-0

[Event "Team 45 45 League T52"]
[Site "Internet Chess Club"]
[Date "2012.03.05"]
[Round "3"]
[White "vigneshv"]
[Black "anna"]
[Result "0-1"]
[WhiteElo "1507"]
[BlackElo "1672"]
[Opening "QGD: exchange variation"]
[ECO "D35"]
[Time "18:05:39"]
[TimeControl "2700+45"]

1. d4 d5 2. c4 e6 3. Nc3 Nf6 4. cxd5 exd5 5. Nf3 Nbd7 6. Bg5 c6 7. e4 Be7 8.
exd5 cxd5 9. Bb5 O-O 10. O-O h6 11. Bxf6 Nxf6 12. Qb3 a6 13. Be2 b5 14. Ne5 Bb7
15. a3 Rc8 16. Rfc1 Bd6 17. Nf3 Ne4 18. Nxe4 dxe4 19. Nd2 Qh4 20. h3 Qg5 21. Qe3
Bf4 22. Qb3 Bxd2 23. Rxc8 Rxc8 24. Qd1 e3 25. Bf3 exf2+ 26. Kxf2 Be3+ 27. Kf1
Bxf3 28. Qxf3 Qf4 29. Qxf4 Bxf4 30. d5 Rc1+ 31. Rxc1 Bxc1 32. h4 Bxb2 33. d6
Bxa3 34. d7 Be7 35. Ke2 Kf8 36. Kd3 Bd8 37. g3 Ke7 38. Kd4 Kxd7 39. Kd5 Bb6 40.
g4 f6 41. h5 a5 42. Ke4 Ke6 43. Kf4 a4 44. Kf3 a3 45. Ke2 a2 46. Kd1 a1=Q+ 47.
Kc2 b4 48. Kb3 Qb1+ 49. Ka4 b3 50. Kb5 Be3 51. Kb4 Bd2+ 52. Ka4 Qa2+ 53. Kb5
Qa5+ 54. Kc4 b2 55. Kb3 b1=Q+ 56. Kc4 Qbb5+ 57. Kd4 Qd5# {White checkmated} 0-1

[Event "Team 45 45 League T52"]
[Site "Internet Chess Club"]
[Date "2012.03.11"]
[Round "3"]
[White "fledermaus"]
[Black "SlimeDog2"]
[Result "0-1"]
[WhiteElo "1892"]
[BlackElo "2093"]
[Opening "English: symmetrical, three knights system"]
[ECO "A16"]
[Time "14:08:37"]
[TimeControl "2700+45"]

1. c4 Nf6 2. Nc3 c5 3. Nf3 d5 4. cxd5 Nxd5 5. d4 Nxc3 6. bxc3 g6 7. Bg5 Bg7 8.
Qd2 Qa5 9. Rc1 cxd4 10. cxd4 Qxd2+ 11. Kxd2 Bf5 12. e3 Nc6 13. Bb5 Be4 14. Ke2
Rd8 15. Rhd1 h6 16. Bh4 g5 17. Bg3 O-O 18. Ne1 f5 19. Bc4+ Bd5 20. f3 f4 21. Bf2
fxe3 22. Bxe3 Rfe8 23. Bb5 a6 24. Bxc6 Bxc6 25. Rc5 Rd6 26. d5 Bb5+ 27. Kf2 e6
28. Rc7 exd5 29. Nc2 Ba4 30. Rd3 Rde6 31. Nd4 Rxe3 32. Rxg7+ Kxg7 33. Nf5+ Kf6
34. Nxe3 Rd8 35. Rxd5 Rxd5 36. Nxd5+ Ke5 37. Nc3 Bc6 38. Ke3 a5 39. g3 b5 40.
f4+ gxf4+ 41. gxf4+ Kf5 42. Ne2 Bd5 43. Nd4+ Kg4 44. Nxb5 Bxa2 45. Nc3 Bb3 46.
Ke4 a4 47. Nb5 h5 48. Ke5 h4 49. f5 Kh3 50. Nd4 Bg8 51. Ke4 a3 52. Nc2 a2 53.
Kf3 Bd5+ 54. Kf2 Kxh2 {White resigns} 0-1